Map: Lost and Found LE

Players

Truth

  • Race: Terran Terran
  • Spawn Location: 1:00

Elazer - Winner!

  • Race: Zerg Zerg
  • Spawn Location: 7:00

Event: WCS Austin 2018

VOD

Have the link to the VOD?

Description

Time

  • Played on: June 1, 2018, 2:23 p.m.
  • Length: 6:25

All games in this series

Show
View Real Time Build Order
Export as new Build Order

Truth Terran 

Build Orders: Reaper Expand 

Get SALT Encoding   

  12  0:00  SCV  
  13  0:12  SCV  
  14  0:17  Supply Depot  
  14  0:24  SCV  
  14  0:28  Refinery  
  15  0:38  SCV  
  16  0:44  Barracks  
  16  0:51  SCV  
  17  1:03  SCV  
  18  1:15  SCV  
  19  1:32  Orbital Command, Reaper  
  20  1:46  Command Center  
  20  1:57  SCV  
  21  2:04  Factory  
  21  2:05  Barracks Reactor  
  21  2:09  SCV  
  21  2:14  Supply Depot  
  22  2:19  Refinery  
  22  2:21  SCV  
  23  2:35  SCV  
  24  2:47  SCV  
  24  2:55  Hellion  
  26  3:00  Orbital Command, SCV  
  26  3:02  Hellion  
  26  3:03  Barracks Reactor  
  29  3:06  Factory  
  29  3:12  SCV  
  30  3:16  Hellion  
  32  3:24  Hellion, SCV  
  36  3:27  SCV  
  36  3:32  Supply Depot  
  36  3:36  SCV  
  36  3:38  Cyclone  
  40  3:44  SCV  
  40  3:45  Cyclone  
  40  3:48  SCV  
  45  3:55  Supply Depot  
  45  3:57  SCV  
  45  3:59  Supply Depot  
  45  4:00  Hellion  
  45  4:01  Hellion  
  50  4:03  SCV  
  50  4:09  SCV  
  52  4:10  Armory  
  52  4:18  Hellion  
  52  4:19  Hellion  
  52  4:20  SCV  
  52  4:21  SCV  
  58  4:25  Refinery  
  58  4:32  Cyclone  
  58  4:34  Cyclone  
  58  4:36  SCV  
  65  4:39  SCV  
  65  4:44  Supply Depot  
  66  4:48  Supply Depot, SCV  
  66  4:50  Hellion  
  69  4:57  SCV  
  70  5:05  Cyclone  
  77  5:07  Hellion x2, SCV  
  77  5:10  SCV  
  81  5:14  Hellion  
  81  5:20  SCV  
  82  5:22  SCV  
  82  5:28  Cyclone  
  86  5:36  Supply Depot x2  
  86  5:39  Cyclone, SCV x2  
  86  5:40  Hellion  
  93  5:51  SCV  
  93  5:52  SCV  
  81  6:12  SCV x2  
Show
View Real Time Build Order
Export as new Build Order

Elazer Zerg - Winner!

Build Orders: Hatch First 

Get SALT Encoding   

  12  0:00  Drone  
  13  0:12  Overlord  
  13  0:17  Drone  
  14  0:30  Drone x2  
  16  0:47  Hatchery  
  15  0:50  Drone  
  15  0:53  Drone  
  17  0:57  Drone  
  18  1:07  Extractor  
  17  1:12  Spawning Pool  
  17  1:15  Drone  
  17  1:19  Drone  
  18  1:28  Drone  
  19  1:38  Drone  
  20  1:49  Drone  
  21  1:58  Drone  
  21  1:59  Queen x2  
  26  2:05  Zergling x2  
  27  2:13  Hatchery  
  26  2:17  Zergling x2  
  26  2:20  Overlord  
  27  2:24  Drone  
  27  2:28  Metabolic Boost  
  28  2:38  Queen  
  28  2:41  Drone  
  28  2:42  Drone  
  32  2:51  Overlord  
  32  2:52  Drone x2  
  32  2:55  Drone  
  32  2:56  Drone  
  36  3:09  Drone x4  
  36  3:10  Drone  
  41  3:14  Overlord  
  41  3:17  Queen  
  43  3:20  Drone  
  43  3:25  Queen  
  43  3:26  Drone  
  47  3:30  Drone  
  47  3:31  Drone  
  49  3:35  Drone  
  49  3:40  Zergling x6  
  53  3:44  Overlord  
  53  3:48  Drone x5  
  57  3:55  Roach Warren  
  57  3:56  Drone  
  57  3:57  Extractor x2  
  57  3:58  Drone  
  57  4:00  Drone  
  58  4:05  Overlord  
  58  4:09  Drone  
  59  4:10  Drone  
  59  4:11  Drone x2  
  59  4:12  Overlord  
  62  4:20  Overlord  
  62  4:28  Overlord x2  
  62  4:33  Evolution Chamber  
  62  4:36  Roach  
  62  4:37  Roach x5  
  73  4:41  Extractor  
  73  4:42  Overlord  
  73  4:43  Roach  
  73  4:45  Overlord  
  74  4:46  Drone  
  74  4:48  Roach x2  
  74  4:51  Roach  
  79  4:53  Roach  
  79  4:56  Roach  
  83  5:00  Ravager x2  
  83  5:03  Overlord  
  83  5:04  Drone x3  
  87  5:11  Drone x2  
  87  5:13  Drone  
  89  5:19  Overlord  
  89  5:22  Lair  
  89  5:23  Overlord  
  89  5:25  Roach  
  89  5:27  Roach  
  94  5:28  Ravager  
  94  5:31  Roach  
  94  5:33  Roach  
  97  5:36  Roach  
  97  5:39  Roach  
  97  5:41  Roach  
  103  5:43  Roach  
  103  5:46  Roach x2  
  109  5:50  Roach  
  105  6:01  Roach  
  104  6:06  Roach  
Tags
 
Add a new tag
Caveats
  • Supply blocks, unpowered buildings, or Contaminate may cause inaccurate times.
  • Supply counts are checked every 10 seconds.